 Dungeon Crawl Stone Soup version 0.31-a0-851-g7ff8af7976 (webtiles) character file.

Game seed: 11679788169526338179

237 Pixllover the Chopper (level 6, -1/38 HPs)
             Began as a Gargoyle Monk on Oct 5, 2023.
             Was an Initiate of Yredelemnul.
             Slain by an orc warrior
             ... wielding a +0 battleaxe
              (10 damage)
             ... on level 4 of the Dungeon.
             The game lasted 00:05:25 (2262 turns).

Pixllover the Chopper (Gargoyle Monk)               Turns: 2262, Time: 00:05:25

Health: -1/38      AC: 14    Str: 15 (17) XL:     6   Next: 6%
Magic:  6/6        EV: 10    Int:  7 (10) God:    Yredelemnul [......]
Gold:   118        SH:  0    Dex: 10 (12) Spells: 5/5 levels left

rFire   . . .        a - +0 hand axe
rCold   . . .        d - orb {light}
rNeg    + . .        g - +0 scale mail
rPois   ∞            (no helmet)
rElec   +            n - +1 cloak
rCorr   .            (no gloves)
SInv    .            k - +0 pair of boots
Will    .....        (no amulet) Stlth
                     (no ring)
HPRegen 0.26/turn    (no ring)
MPRegen 0.10/turn

%: no passive effects
@: glowing
A: sickness immunity, AC +4, negative energy resistance 1, electricity
resistance, torment resistance 1, petrification resistance
a: Renounce Religion, Recall Undead Harvest


You were on level 4 of the Dungeon.
You worshipped Yredelemnul.
Yredelemnul was noncommittal.
You visited 1 branch of the dungeon, and saw 4 of its levels.

You collected 118 gold pieces.

Inventory:

Hand Weapons
 a - a +0 hand axe (weapon)
Missiles
 p - 6 poisoned darts
Armour
 d - an orb of light (worn)
 g - a +0 scale mail (worn)
 k - a +0 pair of boots (worn)
 n - a +1 cloak (worn)
Wands
 i - a wand of charming (7)
Scrolls
 e - 2 scrolls of teleportation
 f - a scroll of revelation
 j - a scroll of fear {unknown}
 q - a scroll of vulnerability {unknown}
Potions
 c - a potion of attraction {unknown}
 h - a potion of curing {unknown}
 l - a potion of brilliance {unknown}
 m - a potion of enlightenment {unknown}
 o - a potion of degeneration


   Skills:
 + Level 4.0 Fighting
 + Level 4.9 Axes
 + Level 1.9 Armour
 + Level 3.0 Dodging
 + Level 0.1 Stealth


You had 5 spell levels left.
You didn't know any spells.
Your spell library contained the following spells:

 Spells                   Type           Power      Damage    Failure   Level
 Apportation              Tloc           0%         N/A       88%         1
 Necrotise                Necr           0%         1d4       88%         1
 Shock                    Conj/Air       0%         1d3       88%         1
 Summon Small Mammal      Summ           0%         N/A       88%         1
 Scorch                   Fire           0%         2d5       95%         2
 Frozen Ramparts          Ice            0%         1d1       99%         3
 Swiftness                Air            0%         N/A       99%         3
 Volatile Blastmotes      Fire/Tloc      0%         2d10      99%         3
 Airstrike                Air            0%         2d(0-16)  100%        4
 Flame Wave               Conj/Fire      0%         2d4       100%        4
 Fulminant Prism          Conj/Hex       0%         3d5       100%        4
 Iskenderun's Mystic Bla  Conj/Tloc      0%         2d3       100%        4
 Petrify                  Tmut/Erth      0%         N/A       100%        4
 Metabolic Englaciation   Hex/Ice        0%         N/A       100%        5
 Summon Cactus Giant      Summ           0%         N/A       100%        6


Dungeon Overview and Level Annotations

Branches:
Dungeon (4/15)
 Temple: D:4-7

Altars:
Yredelemnul


Innate Abilities, Weirdness & Mutations

You are immune to sickness and miasma.
Your stone body is resilient. (AC +4)
You are immune to poison.
You resist negative energy. (rN+)
You are resistant to electric shocks. (rElec)
You are resistant to unholy torment.
You are immune to petrification.


Message History

The orc barely misses you. The orc hits you but does no damage.
You hit the orc wizard.
The orc wizard is heavily wounded.
The orc wizard hits you with a +0 dagger.
You hit the orc wizard.
The orc wizard is severely wounded.
The orc wizard hits you but does no damage.
You hit the orc wizard.
The orc wizard is almost dead.
The orc wizard closely misses you.
You hit the orc wizard.
You kill the orc wizard!
The dead are walking!
Something hits your orc wizard zombie.
You have reached level 6!
You hit the kobold.
The kobold is heavily wounded.
The kobold hits you but does no damage. Something hits your orc wizard zombie.
You hit the kobold.
You kill the kobold!
Your orc wizard zombie hits the orc.
Something hits your orc wizard zombie!
Your Fighting skill increases to level 4!
Your orc wizard zombie hits the orc.
The orc warrior attacks as it pursues you!
The orc warrior hits you with a +0 battleaxe.
The orc warrior attacks as it pursues you!
The orc warrior barely misses you.
Your orc wizard zombie closely misses the orc.
The orc warrior attacks as it pursues you!
The orc warrior hits you with a +0 battleaxe!
* * * LOW HITPOINT WARNING * * *
Your orc wizard zombie barely misses the orc.
It was a potion of degeneration.
There was something very wrong with that liquid.
You feel weakened.
You feel dopey.
You feel clumsy.
It was a potion of magic.
Magic courses through your body.
The iguana bites you but does no damage.
The orc warrior hits you with a +0 battleaxe!
You die...
Your body rises from the dead as a mindless zombie.

#.# #.# #.# #Z# #.# #.#
#.# #Z# #.# #Z#
#.######.### ..
#..........# .[
#..........# ..
#@o........# #.
#ol........# #.
#.#.......## ######.
#o#.......#
.......##)#.......########
.!....o.Z..>...)....Z.ZZZZ
#####.##...........#######
.. #....####.#.......# ...
#....# #.#.......#


You could see an orc warrior, an iguana, 2 orcs and a friendly orc wizard
zombie.

Vanquished Creatures
  An orc priest (D:4)
  Ijyb (D:4)
  2 orc wizards (D:4)
  2 adders
  3 gnolls (D:2)
  3 worms
  3 dart slugs
  6 orcs
  6 endoplasms
  2 giant cockroaches
  4 goblins
  5 hobgoblins
  4 jackals (D:1)
  2 quokkas (D:2)
  4 ball pythons
  4 bats
  A frilled lizard (D:3)
  4 kobolds
  7 rats
  A spectral orc (D:4)
65 creatures vanquished.

Vanquished Creatures (collateral kills)
  An adder zombie (D:4)
  An orc (D:4)
  A ball python (D:4)
3 creatures vanquished.

Vanquished Creatures (others)
  A centaur zombie (D:4)
  A bullfrog zombie (D:4)
  A hound zombie (D:4)
  A goblin zombie (D:4)
  2 orc zombies (D:4)
  An adder zombie (D:4)
  A ball python zombie (D:4)
8 creatures vanquished.

Grand Total: 76 creatures vanquished

Notes
Turn   | Place    | Note
-------+----------+-------------------------------------------
     0 | D:1      | Pixllover the Gargoyle Monk began the quest for the Orb.
     0 | D:1      | Reached XP level 1. HP: 14/14 MP: 1/1
   131 | D:1      | Reached XP level 2. HP: 12/19 MP: 2/2
   516 | D:1      | Reached XP level 3. HP: 24/24 MP: 3/3
   850 | D:2      | Reached XP level 4. HP: 7/29 MP: 4/4
  1414 | D:3      | Identified the +6 short sword of Otzap {heavy, Int+5 Dex+3}
  1874 | D:4      | Reached XP level 5. HP: 30/33 MP: 5/5
  1878 | D:4      | Reached skill level 1 in Armour
  1978 | D:4      | Found a basalt altar of Yredelemnul.
  1989 | D:4      | Became a worshipper of Yredelemnul the Dark
  1989 | D:4      | Reached * piety under Yredelemnul
  1989 | D:4      | Reached ** piety under Yredelemnul
  2117 | D:4      | Noticed Ijyb
  2131 | D:4      | Killed Ijyb
  2213 | D:4      | Noticed an orc warrior
  2243 | D:4      | Your ally Ijyb died
  2256 | D:4      | Reached XP level 6. HP: 19/38 MP: 6/6
  2262 | D:4      | Slain by an orc warrior

Illustrated notes

Levels and vault maps discovered:
D:1:      dpeg_arrival_orchard, layout_basic
D:2:      layout_loops_ring
D:3:      layout_rooms, kennysheep_generic_room_2
D:4:      minmay_evil_eye, layout_basic, mainiacjoe_overflow_small_starburst,
          yredelemnul_forgotten_temple_becter, nicolae_shop_self_help, uniq_ijyb

Skill      XL: |  1  2  3  4  5  6 |
---------------+-------------------+-----
Axes           | 3 4 |  4.9
Dodging        | 3 |  3.0
Armour         | 1 |  1.9
Fighting       | 4 |  4.0
Stealth        | |  0.1

Action                     |  1- 3 |  4- 6 || total
---------------------------+-------+-------++-------
  Melee: Hand axe          |    82 |   158 ||   240
    Use: Scroll            |     1 |     3 ||     4
         Potion            |       |     3 ||     3
 Armour: Robe              |    31 |       ||    31
         Ring mail         |    22 |    55 ||    77
         Scale mail        |       |    43 ||    43
  Dodge: Dodged            |    61 |    74 ||   135

Table legend: (Time is in decaauts)
 A = Elapsed time spent in this place.
 B = Non-inter-level travel time spent in this place.
 C = Inter-level travel time spent in this place.
 D = Time resting spent in this place.
 E = Time spent auto-exploring this place.
 F = Levels seen in this place.
 G = Mean time per level.
                   A        B        C        D        E       F      G
               +--------+--------+--------+--------+--------+-----+--------+
         Total |   2289 |   2207 |     82 |    120 |   1186 |   4 |  572.2 |
       Dungeon |   2289 |   2207 |     82 |    120 |   1186 |   4 |  572.2 |
               +--------+--------+--------+--------+--------+-----+--------+

Top non-repeatable levels by time:
     D:2: 686 daAuts
     D:1: 670 daAuts
     D:3: 493 daAuts
     D:4: 440 daAuts
